 Dungeon Crawl Stone Soup version 0.27-a0-1105-g946c659c87 (webtiles) character file.

Game seed: 13477246799992344002

238 kae the Shield-Bearer (level 6, -3/49 HPs)
             Began as a Formicid Fighter on Apr 29, 2021.
             Slain by an orc priest
             ... wielding a +0 flail
              (5 damage)
             ... on level 2 of the Dungeon.
             The game lasted 00:00:46 (1624 turns).

kae the Shield-Bearer (Formicid Fighter)            Turns: 1624, Time: 00:00:47

Health: -3/49      AC:  7    Str: 23    XL:     6   Next: 28%
Magic:  6/6        EV:  8    Int:  7    God:
Gold:   87         SH: 10    Dex: 10    Spells: 5/5 levels left

rFire    . . .     SeeInvis +   a - +0 long sword
rCold    . . .     Faith    .   c - +0 kite shield
rNeg     . . .     Spirit   .   b - +0 scale mail
rPois    .         Reflect  .   (helmet unavailable)
rElec    .         Harm     .   (no cloak)
rCorr    .         Rampage  .   (no gloves)
Will     .....                  (no boots)
Stlth    ..........             (no amulet)
HPRegen  0.16/turn              (no ring)
MPRegen  0.10/turn              (no ring)

@: no status effects
A: permanent stasis, dig shafts and tunnels, antennae 3, four strong arms
a: Dig, Shaft Self


You were on level 2 of the Dungeon.
You visited 1 branch of the dungeon, and saw 2 of its levels.

You collected 87 gold pieces.

Inventory:

Hand Weapons
 a - a +0 long sword (weapon)
Armour
 b - a +0 scale mail (worn)
 c - a +0 kite shield (worn)
Scrolls
 e - a scroll of identify
 g - a scroll of noise {unknown}
 h - a scroll of enchant weapon {unknown}
 i - a scroll of amnesia {unknown}
 j - a scroll of enchant armour {unknown}
Potions
 d - a potion of might
 f - a potion of lignification {unknown}


   Skills:
 + Level 4.3 Fighting
 * Level 4.1 Long Blades
 + Level 4.3 Armour
 + Level 4.7 Shields


You had 5 spell levels left.
You didn't know any spells.
Your spell library contained the following spells:

 Spells                   Type           Power      Damage    Failure   Level
 Corona                   Hex            0%         N/A       96%         1
 Ensorcelled Hibernation  Hex/Ice        0%         N/A       99%         2
 Confusing Touch          Hex            0%         N/A       100%        3
 Dazzling Flash           Conj/Hex       0%         N/A       100%        3
 Tukima's Dance           Hex            0%         N/A       100%        3


Dungeon Overview and Level Annotations

Branches:
Dungeon (2/15)

Altars:

Shops:
D:2 (


Innate Abilities, Weirdness & Mutations

You cannot be hasted, slowed, berserked, paralysed or teleported.
You can dig through walls and to a lower floor.
You have a pair of large antennae on your head. (SInv)
Your four strong arms can wield two-handed weapons with a shield.


Message History

An orc comes into view. It is wielding a +0 flail.
You hit the orc but do no damage. The orc hits you with a +0 flail.
There are monsters nearby!
You completely miss the orc. You block the orc's attack.
You barely miss the orc. You block the orc's attack.
The orc hits you but does no damage.
There are monsters nearby!
You barely miss the orc. The orc hits you with a +0 flail.
You hit the orc but do no damage. The orc hits you with a +0 flail.
You hit the orc but do no damage. The orc barely misses you.
You riposte.
You barely miss the orc. You barely miss the orc. The orc barely misses you.
You riposte.
Your shield and scale mail prevent you from hitting the orc.
You hit the orc.
The orc is almost dead.
You block the orc's attack.
You closely miss the orc.
The orc is almost dead.
The orc hits you with a +0 flail. The orc hits you with a +0 flail!
You slash the orc!
You kill the orc!
You are too injured to fight recklessly!
You are too injured to fight recklessly!
You completely miss the orc. You block the orc's attack.
The orc barely misses you.
You riposte.
You barely miss the orc. You barely miss the orc. You block the orc's attack.
The orc priest casts a cantrip, but nothing happens.
Your shield prevents you from hitting the orc.
The orc priest mumbles some strange prayers to Beogh against you.
Beogh smites you!
* * * LOW HITPOINT WARNING * * *
The orc barely misses you.
You slash the orc!
You kill the orc!
The orc priest invokes the aid of Beogh against you.
Beogh smites you!
* * * LOW HITPOINT WARNING * * *
You closely miss the orc priest.
The orc priest hits you with a +0 flail.
You die...

#.. #.# ## #.###..
......# #.##..#
#o##..# #o##..#
#.####@##..# {.
#........<.# ..
#......#...#####...
#.####.###.........
# #.####.##.##.
#.........##.#
#.####.#####.#.#
#.# #.......#.###
#.# #.#
#..####......


You could see an orc priest and an orc.

Vanquished Creatures
  Sigmund (D:2)
  Terence (D:2)
  A worm (D:2)
  A dart slug (D:1)
  3 orcs (D:2)
  5 endoplasms
  7 goblins
  5 hobgoblins
  3 kobolds (D:1)
  2 quokkas (D:1)
  3 ball pythons (D:1)
  9 bats
  3 rats (D:1)
44 creatures vanquished.

Notes
Turn   | Place    | Note
-------+----------+-------------------------------------------
     0 | D:1      | kae the Formicid Fighter began the quest for the Orb.
     0 | D:1      | Reached XP level 1. HP: 18/18 MP: 1/1
   139 | D:1      | Reached XP level 2. HP: 22/24 MP: 2/2
   450 | D:1      | Reached XP level 3. HP: 29/29 MP: 3/3
   762 | D:2      | Noticed Sigmund
   768 | D:2      | Killed Sigmund
   769 | D:2      | Reached XP level 4. HP: 9/37 MP: 4/4
   769 | D:2      | Reached XP level 5. HP: 10/42 MP: 5/5
   769 | D:2      | Reached XP level 6. HP: 12/48 MP: 6/6
  1208 | D:2      | Noticed Terence
  1237 | D:2      | Killed Terence
  1554 | D:2      | Found Vemoc's Antique Weapon Boutique.
  1623 | D:2      | HP: 2/49 [orc priest/divine providence (9)]
  1624 | D:2      | Slain by an orc priest

Illustrated notes

Levels and vault maps discovered:
D:1:      minmay_arrival_wavy_path, layout_rooms
D:2:      layout_loops_ring, serial_shops, shop, minmay_diced_spiral,
          uniq_sigmund, uniq_terence

Skill      XL: |  1  2  3  4  5  6 |
---------------+-------------------+-----
Shields        | 4 |  4.7
Fighting       | 4 |  4.3
Long Blades    | 3 4 |  4.1
Armour         | 4 |  4.3

Action                   |  1- 3 |  4- 6 || total
-------------------------+-------+-------++-------
Melee: Long sword        |    78 |    62 ||   140
  Use: Scroll            |     1 |       ||     1
Armor: Scale mail        |    46 |    18 ||    64
Dodge: Dodged            |    29 |    18 ||    47
Block: Kite shield       |    42 |    40 ||    82
       Rpst.: Long sword |     5 |     7 ||    12

Table legend: (Time is in decaauts)
 A = Elapsed time spent in this place.
 B = Non-inter-level travel time spent in this place.
 C = Inter-level travel time spent in this place.
 D = Time resting spent in this place.
 E = Time spent auto-exploring this place.
 F = Levels seen in this place.
 G = Mean time per level.
                   A        B        C        D        E       F      G
               +--------+--------+--------+--------+--------+-----+--------+
         Total |   1680 |   1649 |     31 |    219 |   1109 |   2 |  840.0 |
       Dungeon |   1680 |   1649 |     31 |    219 |   1109 |   2 |  840.0 |
               +--------+--------+--------+--------+--------+-----+--------+

Top non-repeatable levels by time:
     D:1: 1016 daAuts
     D:2: 664 daAuts
